 Dungeon Crawl Stone Soup version 0.17.1-2-g5865329 (webtiles) character file.

121 Metrazal the Sneak (level 4, -4/22 HPs)
             Began as a Spriggan Assassin on Feb 7, 2016.
             Slain by a phantom (9 damage)
             ... on level 4 of the Dungeon.
             The game lasted 00:21:00 (3149 turns).

Metrazal the Sneak (Spriggan Assassin)              Turns: 3149, Time: 00:21:00

Health: -4/22      AC:  3    Str:  7    XL:     4   Next: 76%
Magic:  5/5        EV: 20    Int: 12    God:
Gold:   98         SH:  0    Dex: 18    Spells: 0 memorised, 3 levels left

rFire  . . .     SeeInvis +     (weapon restricted)
rCold  . . .     Clarity  .     x - +0 robe
rNeg   . . .     SustAt   .     (shield restricted)
rPois  +         Gourm    .     (helmet restricted)
rElec  .         Spirit   .     d - +0 cloak
rCorr  +         Warding  .     (gloves unavailable)
rMut   .         Stasis   .     (boots unavailable)
MR     .....                    i - amulet of resist corrosion
Stlth  ++++......               (no ring)
                                l - ring of poison resistance

@: very quick, not resistant to hostile enchantments, stealthy
A: unfitting armour, see invisible, herbivore 3, speed 3, slow metabolism 2
a: no special abilities


You were on level 4 of the Dungeon.
You were not hungry.

You visited 1 branch of the dungeon, and saw 4 of its levels.

You collected 98 gold pieces.

Inventory:

Hand Weapons
 a - a +2 dagger
 b - a +0 blowgun
 c - a +0 hunting sling
Missiles
 e - 16 poisoned needles
 f - 2 curare-tipped needles
 h - 78 stones (quivered)
 m - 55 arrows
 v - 21 sling bullets
Armour
 d - a +0 cloak (worn)
 x - a +0 robe (worn)
Jewellery
 i - an amulet of resist corrosion (around neck)
 l - a ring of poison resistance (left hand)
Scrolls
 k - a scroll of blinking {unknown}
 r - 2 scrolls of enchant weapon {unknown}
 s - 3 scrolls of magic mapping
 u - a scroll of immolation {unknown}
Potions
 j - 2 potions of agility {unknown}
 n - a potion of mutation {unknown}
 o - a potion of invisibility {unknown}
 p - 2 potions of lignification {unknown}
 q - a potion of curing {unknown}
 t - a potion of ambrosia {unknown}
Comestibles
 g - 3 bread rations


   Skills:
 - Level 1.5 Fighting
 - Level 2.1 Short Blades
 * Level 0.0(1.3) Slings
 - Level 2.0 Throwing
 + Level 4.9 Dodging
 + Level 7.7 Stealth


You had 3 spell levels left.
You didn't know any spells.

Dungeon Overview and Level Annotations

Branches:
Dungeon (4/15)
 Temple: D:4-7

Altars:
Ashenzari
Dithmenos
Qazlal


Innate Abilities, Weirdness & Mutations

You are tiny and cannot use many weapons and most armour.
You have supernaturally acute eyesight.
You are a herbivore.
You cover ground extremely quickly.
You need consume almost no food.


Message History

You throw a stone. The stone misses the phantom.
The phantom barely misses you.
Throwing (i - inventory):
h - 81 stones (quivered)
Press: ? - help, Shift-Dir - straight line, f/p - phantom
Aim: a phantom (lightly damaged)
You throw a stone.
The stone hits the phantom but does no damage.
The phantom is lightly damaged.
The phantom completely misses you.
Throwing (i - inventory):
h - 80 stones (quivered)
Press: ? - help, Shift-Dir - straight line, f/p - phantom
Aim: a phantom (lightly damaged)
You throw a stone.
The stone hits the phantom but does no damage.
The phantom is lightly damaged.
The phantom completely misses you.
Throwing (i - inventory):
h - 79 stones (quivered)
Press: ? - help, Shift-Dir - straight line, f/p - phantom
Aim: a phantom (lightly damaged)
You throw a stone. The stone barely misses the phantom.
The phantom hits you!
You die...

#........##
#...(....#
#........#
##.......#
##......#
#.(..###
##(###
##.W# #.(@#
#(.(.(.#
#...#...#
#(.###...#
(.# ##.((
.# #(((#
##..( ..(#


You could see a phantom.

Vanquished Creatures
  5 adders
  2 river rats (D:3)
  3 giant geckos
  A ball python (D:3)
  7 bats
  5 giant cockroaches
  8 hobgoblins
  3 jackals (D:1)
  4 kobolds
  A quokka (D:2)
  10 goblins
  6 rats
55 creatures vanquished.

Notes
Turn   | Place    | Note
--------------------------------------------------------------
     0 | D:1      | Metrazal the Spriggan Assassin began the quest for the Orb.
     0 | D:1      | Reached XP level 1. HP: 10/10 MP: 2/2
   142 | D:1      | Reached skill level 6 in Stealth
   209 | D:1      | Reached XP level 2. HP: 8/14 MP: 3/3
   932 | D:2      | Reached XP level 3. HP: 18/18 MP: 4/4
  1648 | D:2      | Found a shadowy altar of Dithmenos.
  1748 | D:3      | Found a shattered altar of Ashenzari.
  1990 | D:3      | Reached skill level 7 in Stealth
  2105 | D:3      | Reached XP level 4. HP: 22/22 MP: 5/5
  2489 | D:3      | Found a glowing drain.
  2723 | D:3      | Noticed an earth elemental
  2726 | D:3      | Found a stormy altar of Qazlal.
  2728 | D:3      | Noticed a fire elemental
  2728 | D:3      | Noticed a water elemental
  2728 | D:3      | Noticed an air elemental
  3110 | D:4      | Noticed a phantom
  3149 | D:4      | Slain by a phantom

Action                   |  1- 3 |  4- 6 || total
-------------------------+-------+-------++-------
Melee: Dagger            |    99 |    68 ||   167
 Fire: Blowgun           |    18 |       ||    18
Throw: Stone             |    10 |    42 ||    52
  Use: Scroll            |     4 |     1 ||     5
 Stab: Sleeping          |    14 |     3 ||    17
       Distracted        |     1 |       ||     1
